 Dungeon Crawl Stone Soup version 0.30-a0-4-ga7cffc901d (webtiles) character file.

Game seed: 6623586504544697470

4 frimble the Digger (level 1, 0/13 HPs)
             Began as a Demonspawn Earth Elementalist on Aug 20, 2022.
             Slain by a ball python (1 damage)
             ... on level 1 of the Dungeon.
             The game lasted 00:00:19 (111 turns).

frimble the Digger (Demonspawn Earth Elementalist)   Turns: 111, Time: 00:00:20

Health: 0/13       AC:  2    Str:  8    XL:     1   Next: 58%
Magic:  0/3        EV:  9    Int: 16    God:
Gold:   0          SH:  0    Dex: 13    Spells: 3/4 levels left

rFire   . . .      SeeInvis .    (no weapon)
rCold   . . .      Faith    .    (no shield)
rNeg    . . .      Spirit   .    a - +0 robe
rPois   .          Reflect  .    (no helmet)
rElec   .          Harm     .    (no cloak)
rCorr   .          Rampage  .    (no gloves)
Will    .....                    (no boots)
Stlth   ++........               (no amulet)
HPRegen 0.04/turn                (no ring)
MPRegen 0.08/turn                (no ring)

@: very slightly contaminated, constricted
A: no striking features
a: no special abilities


You were on level 1 of the Dungeon.
You visited 1 branch of the dungeon, and saw 1 of its levels.

Inventory:

Armour
 a - a +0 robe (worn)
Scrolls
 c - a scroll of identify {unknown}


   Skills:
 - Level 1.8 Dodging
 - Level 1.8 Stealth
 - Level 2.0 Spellcasting
 + Level 1.1 Transmutations
 + Level 2.8 Earth Magic


You had 3 spell levels left.
You knew the following spells:

 Your Spells              Type           Power      Damage    Failure   Level
a - Sandblast             Erth           20%        2d7       6%          1

Your spell library contained the following spells:

 Spells                   Type           Power      Damage    Failure   Level
 Passwall                 Tmut/Erth      5%         N/A       14%         2
 Magic Dart               Conj           4%         1d3       21%         1
 Call Imp                 Summ           1%         N/A       30%         2
 Stone Arrow              Conj/Erth      12%        3d7       34%         3
 Ignite Poison            Fire/Tmut/Pois 2%         N/A       47%         3
 Mephitic Cloud           Conj/Pois/Air  1%         N/A       52%         3
 Petrify                  Tmut/Erth      7%         N/A       67%         4
 Freezing Cloud           Conj/Ice/Air   0%         6-21      99%         5


Dungeon Overview and Level Annotations

Branches:
Dungeon (1/15)

Altars:


Message History

The giant cockroach bites you but does no damage.
The ball python bites you. The ball python constricts you.
You are too injured to fight recklessly!
You are too injured to fight recklessly!
Aiming: Sandblast (safe; 7% risk of failure)
Press: ? - help, Q - select action Shift-Dir - straight line, f/p - giant cockroach
Aim: a giant cockroach (82% to hit)
The blast of sand hits the giant cockroach.
You kill the giant cockroach!
The ball python closely misses you. The ball python constricts you.
The ball python bites you but does no damage.
The ball python barely misses you. The ball python constricts you.
Aiming: Sandblast (safe; 6% risk of failure)
Press: ? - help, Q - select action Shift-Dir - straight line, f - ball python
Aim: a ball python (constricting you, 80% to hit)
The blast of sand misses the ball python.
The ball python barely misses you. The ball python closely misses you.
The ball python constricts you.
* * * LOW HITPOINT WARNING * * *
The ball python bites you but does no damage.
Aiming: Sandblast (safe; 6% risk of failure)
Press: ? - help, Q - select action Shift-Dir - straight line, f/p - ball python
Aim: a ball python (constricting you, 80% to hit)
The blast of sand misses the ball python.
The ball python bites you but does no damage.
The ball python constricts you.
* * * LOW HITPOINT WARNING * * *
The ball python barely misses you. The ball python misses you.
The ball python constricts you.
Aiming: Sandblast (safe; 6% risk of failure)
Press: ? - help, Q - select action Shift-Dir - straight line, f/p - ball python
Aim: a ball python (constricting you, 80% to hit)
You miscast Sandblast.
You are very lightly contaminated with residual magic.
Nothing appears to happen.
The ball python bites you but does no damage.
The ball python bites you.
* * * LOW HITPOINT WARNING * * *
The ball python constricts you. The ball python bites you.
You die...

....##. .#
.....#.####.# .
............###..
.....#.........S.
............#...
..............#
..........S##
#......S@# ..
#......#.####.
#.#).####........
..... #.........
#.... ##.#####....
#....##..####.....
##...?.#.......###.
.............###
#...........#


You could see 2 ball pythons.

Vanquished Creatures
  A giant cockroach (D:1)
  A hobgoblin (D:1)
  A ball python (D:1)
  2 frilled lizards (D:1)
5 creatures vanquished.

Notes
Turn   | Place    | Note
-------+----------+-------------------------------------------
     0 | D:1      | frimble the Demonspawn Earth Elementalist began the quest
                  | for the Orb.
     0 | D:1      | Reached XP level 1. HP: 13/13 MP: 3/3
    98 | D:1      | Reached skill level 1 in Transmutations
   111 | D:1      | Slain by a ball python

Illustrated notes

Levels and vault maps discovered:
D:1:      evilmike_arrival_crescent, layout_rooms

Skill      XL: |  1 |
---------------+----+-----
Transmutations | 1 |  1.1
Dodging        | |  1.8
Stealth        | |  1.8
Spellcasting   | |  2.0
Earth Magic    | |  2.8

Action                   || total
-------------------------++-------
Melee: Unarmed           ||     9
 Cast: Sandblast         ||     8
  Use: Potion            ||     1
Armor: Robe              ||     9
Dodge: Dodged            ||    17

Table legend: (Time is in decaauts)
 A = Elapsed time spent in this place.
 B = Non-inter-level travel time spent in this place.
 C = Inter-level travel time spent in this place.
 D = Time resting spent in this place.
 E = Time spent auto-exploring this place.
 F = Levels seen in this place.
 G = Mean time per level.
                   A        B        C        D        E       F      G
               +--------+--------+--------+--------+--------+-----+--------+
         Total |    115 |    115 |      0 |      0 |     76 |   1 |  115.0 |
       Dungeon |    115 |    115 |      0 |      0 |     76 |   1 |  115.0 |
               +--------+--------+--------+--------+--------+-----+--------+

Top non-repeatable levels by time:
     D:1: 115 daAuts
